 Dungeon Crawl Stone Soup version 0.19.0-1-g5985abe (webtiles) character file.

148 nikopol the Skirmisher (level 5, 0/48 HPs)
             Began as a Hill Orc Berserker on Nov 2, 2016.
             Was a Believer of Trog.
             Slain by nikopol's ghost (3 damage)
             ... on level 3 of the Dungeon.
             The game lasted 00:03:51 (2252 turns).

nikopol the Skirmisher (Hill Orc Berserker)         Turns: 2252, Time: 00:03:51

Health: 0/48       AC:  6    Str: 21    XL:     5   Next: 30%
Magic:  5/5        EV: 11    Int:  7    God:    Trog [**....]
Gold:   124        SH:  0    Dex: 10    Spells: 0 memorised, 4 levels left

rFire  . . .     SeeInvis .     a - +0 hand axe
rCold  . . .     Gourm    .     g - +0 ring mail
rNeg   . . .     Faith    .     (no shield)
rPois  .         Spirit   .     (no helmet)
rElec  .         Reflect  .     l - +0 cloak
rCorr  .         Harm     .     (no gloves)
MR     .....                    (no boots)
Stlth  ..........               (no amulet)
                                (no ring)
                                (no ring)

@: exhausted, starving, slowed, very slow
A: no striking features
a: Berserk, Trog's Hand, Burn Spellbooks, Renounce Religion


You were on level 3 of the Dungeon.
You worshipped Trog.
Trog was pleased with you.
You were starving.

You visited 1 branch of the dungeon, and saw 3 of its levels.

You collected 124 gold pieces.

Inventory:

Hand Weapons
 a - a +0 hand axe (weapon)
Armour
 b - a +0 animal skin
 g - a +0 ring mail (worn)
 l - a +0 cloak (worn)
Jewellery
 e - an uncursed ring of see invisible {unknown}
 x - a +5 amulet of reflection {unknown}
Wands
 r - a wand of polymorph (2/24)
Scrolls
 f - 4 scrolls of identify {unknown}
 h - 2 scrolls of enchant armour {unknown}
 i - a scroll of teleportation {unknown}
 j - a scroll of remove curse {unknown}
 m - a scroll of blinking {unknown}
 n - 2 scrolls of amnesia {unknown}
 s - 2 scrolls of noise {unknown}
 t - a scroll of enchant weapon {unknown}
Potions
 k - a potion of agility {unknown}
 o - 2 potions of degeneration {unknown}
 p - a potion of berserk rage {unknown}
 q - a potion of flight {unknown}
 u - a potion of brilliance {unknown}
 v - 2 potions of lignification {unknown}
Comestibles
 c - 2 bread rations
 d - a beef jerky
 w - a meat ration


   Skills:
 + Level 5.0 Fighting
 + Level 4.9 Axes
 + Level 3.5 Armour
 + Level 2.3 Dodging


You had 4 spell levels left.
You didn't know any spells.

Dungeon Overview and Level Annotations

Branches:
Dungeon (3/15)

Altars:
Ashenzari
Okawaru
Trog

Annotations:
D:3 nikopol's ghost, amateur HOBe


Message History

Nikopol's ghost is severely damaged.
Nikopol's ghost yells, "Who would have thought, even in death it is a pleasure to sever!"
Nikopol's ghost hits you.
You hit nikopol's ghost.
Nikopol's ghost is severely damaged.
Nikopol's ghost hits you!
* * * LOW HITPOINT WARNING * * *
Nikopol's ghost hits you.
* * * LOW HITPOINT WARNING * * *
You barely miss nikopol's ghost.
Nikopol's ghost is severely damaged.
Nikopol's ghost screams, "You will join me soon!"
Nikopol's ghost hits you.
* * * LOW HITPOINT WARNING * * *
You hit nikopol's ghost.
Nikopol's ghost is almost destroyed.
You are starving!
Nikopol's ghost hits you but does no damage.
Nikopol's ghost hits you.
You die...

### #.
....##$ ...
.. #..#.
.##..#<#####
...........
.........# .#
#.....####..#
#......@W...#
#.....<.#...#
#...<.#.#
.....
#.#####.#
.### #? #.# #
. #.# ## #.#
..#


You could see nikopol's ghost.

Vanquished Creatures
  Natasha (thrice) (D:2)
  3 adders (D:2)
  A worm (D:2)
  4 dart slugs
  2 leopard geckos
  4 bats
  2 giant cockroaches
  5 goblins
  4 hobgoblins
  A ball python (D:1)
  4 frilled lizards
  5 kobolds
38 creatures vanquished.

Notes
Turn   | Place    | Note
-------+----------+-------------------------------------------
     0 | D:1      | nikopol the Hill Orc Berserker began the quest for the Orb.
     0 | D:1      | Reached XP level 1. HP: 19/19 MP: 1/1
   289 | D:1      | Reached XP level 2. HP: 26/27 MP: 2/2
   846 | D:1      | You fall through a shaft!
   857 | D:2      | Noticed Natasha
   869 | D:2      | Noticed a crimson imp
   871 | D:2      | Reached skill level 4 in Fighting
   871 | D:2      | Reached XP level 3. HP: 33/33 MP: 3/3
   885 | D:2      | Killed Natasha
   885 | D:2      | Reached ** piety under Trog
   969 | D:2      | Reached XP level 4. HP: 38/40 MP: 4/4
  1133 | D:2      | Noticed Natasha
  1449 | D:2      | Killed Natasha
  1715 | D:2      | Found an iron altar of Okawaru.
  1718 | D:2      | Found a bloodstained altar of Trog.
  1721 | D:2      | Found a shattered altar of Ashenzari.
  1811 | D:2      | Reached XP level 5. HP: 42/47 MP: 5/5
  1870 | D:2      | Reached skill level 5 in Fighting
  1978 | D:2      | Noticed Natasha
  1993 | D:2      | Killed Natasha
  2226 | D:3      | Noticed nikopol's ghost (amateur HOBe)
  2251 | D:3      | HP: 2/48 [nikopol's ghost (2)]
  2252 | D:3      | Slain by nikopol's ghost

Skill      XL: |  1  2  3  4  5 |
---------------+----------------+-----
Fighting       | 4 5 |  5.0
Armour         | 3 |  3.5
Dodging        | 2 |  2.3
Axes           | |  4.9

Action                   |  1- 3 |  4- 6 || total
-------------------------+-------+-------++-------
Melee: Hand axe          |    76 |    97 ||   173
       Unarmed           |       |     4 ||     4
Invok: Berserk           |     1 |     2 ||     3
  Eat: Chunk             |     1 |     4 ||     5
Armor: Ring mail         |    17 |    26 ||    43
       Animal skin       |     1 |       ||     1
       Skin              |       |    16 ||    16
Dodge: Dodged            |    34 |    54 ||    88
